 Dungeon Sprint DCSS version 0.17.0-27-g4a3f43e (webtiles) character file.

11 oplop the Magician (level 2, -3/19 HPs)
             Began as a Deep Elf Fire Elementalist on Nov 21, 2015.
             Slain by a phantom (5 damage)
             ... in the Dungeon (Sprint V: "Ziggurat Sprint").
             The game lasted 00:01:15 (224 turns).

oplop the Magician (Deep Elf Fire Elementalist)      Turns: 224, Time: 00:01:15

Health: -3/19      AC:  2    Str:  5    XL:     2   Next: 17%
Magic:  13/16      EV: 13    Int: 25    God:
Gold:   0          SH:  0    Dex: 15    Spells: 1 memorised, 10 levels left

rFire  . . .     SeeInvis .     I - +6 Majin-Bo {vamp, Archmagi MP+6 Int+6}
rCold  . . .     Clarity  .     a - +0 robe
rNeg   . . .     SustAt   .     (shield currently unavailable)
rPois  .         Gourm    .     (no helmet)
rElec  .         Spirit   .     (no cloak)
rCorr  .         Warding  .     (no gloves)
rMut   .         NoTele   +     (no boots)
MR     .....                    (no amulet)
Stlth  ++........               (no ring)
                                (no ring)

@: not resistant to hostile enchantments, unstealthy
A: no striking features
a: no special abilities


You were in the Dungeon.
You were not hungry.

You visited 1 branch

Inventory:

Hand Weapons
 I - the +6 Majin-Bo (weapon) {vamp, Archmagi MP+6 Int+6}
   (You found it in the Dungeon)

   It inflicts no extra harm, but heals its wielder somewhat when it strikes a
   living foe.
   It affects your intelligence (+6).
   It affects your magic capacity (+6).
Armour
 a - a +0 robe (worn)
Magical Staves
 m - an uncursed staff of energy
Jewellery
 y - a +6 ring of dexterity
 z - a +6 ring of dexterity
 A - a +6 ring of intelligence
 B - a +6 ring of intelligence
 C - a +6 ring of strength
 D - a +6 ring of strength
 K - an uncursed ring of flight
Wands
 E - a wand of disintegration (7)
 F - a wand of fire (5)
 G - a wand of cold (5)
 H - a wand of draining (5)
Scrolls
 i - 4 scrolls of blinking
 p - 4 scrolls of amnesia
 q - 3 scrolls of recharging
 r - 7 scrolls of fog
 s - a scroll of holy word
 t - 5 scrolls of identify
 u - 5 scrolls of remove curse
 v - 2 scrolls of fear
Potions
 d - 10 potions of curing
 e - 10 potions of heal wounds
 f - 6 potions of haste
 g - 7 potions of magic
 h - 3 potions of berserk rage
 j - 2 potions of brilliance
 k - 2 potions of invisibility
 l - 4 potions of resistance
 n - 5 potions of agility
 o - 5 potions of might
Books
 b - a book of Flames

   Spells                             Type                      Level
   a - Flame Tongue                   Conjuration/Fire             1
   b - Throw Flame                    Conjuration/Fire             2
   c - Conjure Flame                  Conjuration/Fire             3
   d - Inner Flame                    Hexes/Fire                   3
   e - Sticky Flame                   Conjuration/Fire             4
   f - Fireball                       Conjuration/Fire             5
Miscellaneous
 J - a crystal ball of energy
 L - a disc of storms
Comestibles
 c - 5 bread rations
 w - 41 fruits
 x - 3 meat rations


   Skills:
 - Level 3.6 Fighting
 + Level 0.4 Staves
 - Level 2.4 Dodging
 - Level 2.4 Stealth
 + Level 5.3 Spellcasting
 + Level 3.5 Conjurations
 + Level 5.0 Fire Magic


You had 10 spell levels left.
You knew the following spells:

 Your Spells              Type           Power        Failure   Level  Hunger
a - Flame Tongue          Conj/Fire      #####        1%          1    None


Dungeon Overview and Level Annotations

Branches:
Dungeon (1/1)

Altars:
Ashenzari
Cheibriados
Dithmenos
Elyvilon
Fedhas
Gozag
Kikubaaqudgha
Makhleb
Nemelex Xobeh
Okawaru
Qazlal
Ru
Sif Muna
Trog
Vehumet
Xom
Yredelemnul
Zin
The Shining One
Beogh
Jiyva
Lugonu


Message History

Aiming: Flame Tongue
Press: ? - help, Shift-Dir - straight line, f - phantom
Aim: a phantom (lightly damaged)
You feel a surge of power!
The flame tongue hits the phantom.
The phantom is moderately damaged.
The phantom hits you.
* * * LOW HITPOINT WARNING * * *
You closely miss the phantom.
The phantom is moderately damaged.
The phantom hits you but does no damage.
Casting: Flame Tongue
Confirm with . or Enter, or press ? or * to list all spells.
Aiming: Flame Tongue
Press: ? - help, Shift-Dir - straight line, f/p - phantom
Aim: a phantom (moderately damaged)
You feel a surge of power!
The flame tongue hits the phantom.
The phantom is heavily damaged.
* * * LOW HITPOINT WARNING * * *
The phantom hits you.
You die...

▓▓▓▓▓▓▓
▓.8©8.▓
▓.....▓
▓.[.%.▓
▓.....▓
▓.W...▓
▓..@..▓
▓▓▓▓▓▓▓


You could see a phantom.

Vanquished Creatures
  An adder skeleton (D)
1 creature vanquished.

Notes
Turn   | Place    | Note
--------------------------------------------------------------
     0 | D        | oplop the Deep Elf Fire Elementalist began the quest for the Orb.
     0 | D        | Reached XP level 1. HP: 10/10 MP: 6/6
     0 | D        | Found a roughly hewn altar of Beogh.
     0 | D        | Found a corrupted altar of Lugonu.
     0 | D        | Found a viscous altar of Jiyva.
     0 | D        | Found a white marble altar of Elyvilon.
     0 | D        | Found a sparkling altar of Nemelex Xobeh.
     0 | D        | Found a burning altar of Makhleb.
     0 | D        | Found an iron altar of Okawaru.
     0 | D        | Found a deep blue altar of Sif Muna.
     0 | D        | Found a radiant altar of Vehumet.
     0 | D        | Found a bloodstained altar of Trog.
     0 | D        | Found a shimmering altar of Xom.
   106 | D        | Reached skill level 5 in Spellcasting
   106 | D        | Reached XP level 2. HP: 13/19 MP: 10/10
   217 | D        | Entered arena 1.
   217 | D        | Noticed a phantom
   221 | D        | Reached skill level 5 in Fire Magic
   224 | D        | Slain by a phantom

Action                   || total
-------------------------++-------
Melee: Quarterstaff      ||     3
 Cast: Flame Tongue      ||     4
  Use: Potion            ||     1
  Eat: Meat ration       ||     1
       Fruit             ||     1
